Map: [ESL] Dynasty

Players

Misaki

  • Race: Zerg Zerg
  • Spawn Location: 1:00

Nice - Winner!

  • Race: Protoss Protoss
  • Spawn Location: 7:00

Event: ESL SC2 Masters 2024 Spring (Regional)

VOD

Have the link to the VOD?

Description

Time

  • Played on: April 14, 2024, 7:43 a.m.
  • Length: 3:37

All games in this series

Show
View Real Time Build Order
Export as new Build Order

Misaki Zerg 

Build Orders: Pool First 

Get SALT Encoding   

  12  0:00  Drone  
  13  0:08  Drone  
  14  0:16  Overlord  
  14  0:24  Drone, Extractor  
  14  0:39  Spawning Pool  
  14  0:42  Drone  
  14  0:46  Drone  
  15  0:50  Drone  
  15  0:54  Drone  
  17  1:20  Hatchery  
  18  1:25  Zergling x4  
  18  1:39  Extractor  
  17  1:43  Lair  
  17  1:45  Zergling x2  
  18  1:51  Zergling x2  
  19  1:55  Zergling x2  
  19  2:01  Zergling x2  
  21  2:12  Zergling x2  
  21  2:14  Metabolic Boost  
  22  2:35  Zergling x4  
  24  2:42  Nydus Network  
  24  2:43  Zergling x2  
  24  2:49  Zergling x2  
  25  2:53  Zergling x2  
  26  3:07  Overlord  
  26  3:15  Overlord  
  26  3:20  Nydus Canal  
Show
View Real Time Build Order
Export as new Build Order

Nice Protoss - Winner!

Build Orders: 1 Gate Expand 

Get SALT Encoding   

  12  0:00  Probe  
  13  0:12  Probe  
  14  0:19  Pylon  
  14  0:24  Probe  
  15  0:37  Probe (Chrono Boost), Gateway  
  16  0:47  Probe (Chrono Boost)  
  16  0:48  Assimilator  
  17  0:52  Probe (Chrono Boost)  
  18  1:03  Probe  
  19  1:15  Probe  
  20  1:26  Cybernetics Core  
  20  1:33  Nexus  
  20  1:39  Zealot  
  22  1:46  Pylon  
  22  1:52  Assimilator  
  22  1:54  Probe  
  23  2:04  Gateway  
  23  2:09  Stalker (Chrono Boost)  
  24  2:19  Probe  
  25  2:31  Probe  
  25  2:35  Sentry (Chrono Boost)  
  28  2:37  Shield Battery  
  28  2:43  Probe  
  29  2:45  Shield Battery  
  29  2:48  Probe (Chrono Boost)  
  31  2:59  Probe (Chrono Boost)  
  31  3:00  Probe (Chrono Boost)  
  32  3:09  Probe (Chrono Boost)  
  32  3:10  Robotics Facility, Probe (Chrono Boost)  
  36  3:22  Pylon  
  34  3:28  Gateway  
  34  3:31  Shield Battery  
Tags
 
Add a new tag
Caveats
  • Supply blocks, unpowered buildings, or Contaminate may cause inaccurate times.
  • Supply counts are checked every 10 seconds.